 Dungeon Crawl Stone Soup version 0.17-a0-1403-g9df874c (webtiles) character file.

104 HEYYEYAAE the Gusty (level 5, 0/38 HPs)
             Began as a Human Air Elementalist on June 20, 2015.
             Succumbed to an adder's poison
             ... on level 4 of the Dungeon.
             The game lasted 00:03:21 (1981 turns).

HEYYEYAAE the Gusty (Human Air Elementalist)        Turns: 1981, Time: 00:03:21

Health: 0/38       AC:  2    Str:  8    XL:     5   Next: 7%
Magic:  6/9        EV: 12    Int: 22    God:
Gold:   107        SH:  0    Dex: 13    Spells: 3 memorised, 4 levels left

rFire  . . .     SeeInvis .     e - +0 spear
rCold  . . .     Clarity  .     a - +0 robe
rNeg   . . .     SustAt   .     (no shield)
rPois  .         Gourm    .     (no helmet)
rElec  .         Spirit   .     (no cloak)
rCorr  .         Warding  .     (no gloves)
rMut   .         Stasis   .     (no boots)
MR     .....                    (no amulet)
Stlth  ++........               (no ring)
                                (no ring)

@: brilliant, lethally poisoned (0 -> -1), very slightly contaminated, repel
missiles, invisible (expiring), not resistant to hostile enchantments,
unstealthy
A: no striking features
a: no special abilities


You were on level 4 of the Dungeon.
You were not hungry.

You visited 1 branch of the dungeon, and saw 4 of its levels.

You collected 107 gold pieces.

Inventory:

Hand weapons
 d - a +0 dagger
 e - a +0 spear (weapon)
Armour
 a - a +0 robe (worn)
Scrolls
 f - a scroll of enchant armour {unknown}
 g - a scroll of fear {unknown}
 h - 2 scrolls of remove curse {unknown}
 i - 6 scrolls of fog {unknown}
 k - a scroll of teleportation {unknown}
 l - a scroll of enchant weapon {unknown}
 m - a scroll of immolation {unknown}
 n - a scroll of identify {unknown}
 o - a scroll of recharging {unknown}
 p - a scroll of amnesia {unknown}
Books
 b - a book of Air

   Spells                             Type                      Level
   a - Shock                          Conjuration/Air              1
   b - Swiftness                      Charms/Air                   2
   c - Repel Missiles                 Charms/Air                   2
   d - Static Discharge               Conjuration/Air              3
   e - Lightning Bolt                 Conjuration/Air              5
Comestibles
 c - 2 bread rations
 j - a beef jerky


   Skills:
 + Level 1.8 Fighting
 + Level 0.6 Armour
 + Level 2.1 Dodging
 - Level 2.0 Stealth
 * Level 3.0 Spellcasting
 * Level 2.0 Conjurations
 * Level 3.4 Air Magic


You had 4 spell levels left.
You knew the following spells:

 Your Spells              Type           Power        Failure   Level  Hunger
a - Shock                 Conj/Air       ####         1%          1    None
b - Static Discharge      Conj/Air       ####....     1%          3    ###....
c - Repel Missiles        Chrm/Air       ###...       1%          2    ##.....


Dungeon Overview and Level Annotations

Branches:
Dungeon (4/15)
 Temple: D:4-7

Altars:

Annotations:
D:3 Sigmund
D:4 Menkaure; Multipenetrator's ghost, average MiAK


Message History

* * * LOW HITPOINT WARNING * * *
You feel sick.
* * * LOW HITPOINT WARNING * * *
You feel sick.
* * * LOW HITPOINT WARNING * * *
You feel sick.
The worker ant waves its antennae.
Found a brown potion.
* * * LOW HITPOINT WARNING * * *
You feel sick.
A giant cockroach comes into view.
* * * LOW HITPOINT WARNING * * *
You feel sick.
You see here a brown potion.
q - a brown potion Drink which item? (? for menu, Esc to quit)
It was a potion of brilliance.
You feel clever all of a sudden.
You flicker for a moment.
You die...

#. #. . #. #.# . #.
#.######. #.##.......##
#.#....< ... #.##.s#
#.# ##.###...#.####.##
.......@.........#
.....###....####.####.#
##$ ####.##..........
..##.#.####.##
...##.#.#
....##.#......
.....##.##....##.
......##.##......
.##M##....#


You could see a giant cockroach (sleeping).

Vanquished Creatures
  An orc priest (D:3)
  2 adders
  2 worms
  4 orcs (D:3)
  2 ball pythons (D:1)
  7 bats
  2 giant cockroaches
  4 goblins (D:1)
  4 hobgoblins
  2 jackals (D:1)
  2 quokkas
  2 giant newts
  7 kobolds
  5 rats
46 creatures vanquished.

Notes
Turn   | Place    | Note
--------------------------------------------------------------
     0 | D:1      | HEYYEYAAE the Human Air Elementalist began the quest for the Orb.
     0 | D:1      | Reached XP level 1. HP: 13/13 MP: 3/3
   176 | D:1      | Reached XP level 2. HP: 14/20 MP: 5/5
   255 | D:1      | Reached skill level 1 in Fighting
   850 | D:2      | Reached XP level 3. HP: 26/26 MP: 3/6
  1419 | D:3      | Reached XP level 4. HP: 32/32 MP: 5/7
  1780 | D:3      | Reached XP level 5. HP: 28/38 MP: 6/9
  1895 | D:3      | Noticed Sigmund
  1915 | D:4      | Learned a level 3 spell: Static Discharge
  1918 | D:4      | Learned a level 2 spell: Repel Missiles
  1926 | D:4      | Noticed Multipenetrator's ghost (average MiAK)
  1946 | D:4      | Noticed Menkaure
  1973 | D:4      | HP: 1/38 [poisoned by an adder]
  1981 | D:4      | Succumbed to an adder's poison

Vault maps used:
D:1:      dpeg_arrival_renting
D:3:      uniq_robin, uniq_sigmund
D:4:      lightli_temple_of_fire, vehumet_statue,
          nicolae_gozag_cash_rules_everything_around_me, first_bread,
          uniq_eustachio, uniq_duvessa, uniq_menkaure

Action                   |  1- 3 |  4- 6 || total
-------------------------+-------+-------++-------
Melee: Spear             |    59 |    21 ||    80
       Unarmed           |     1 |       ||     1
 Cast: Shock             |    39 |    34 ||    73
       Static Discharge  |       |     2 ||     2
       Repel Missiles    |       |     1 ||     1
  Use: Potion            |       |     3 ||     3
 Stab: Sleeping          |     7 |       ||     7
  Eat: Chunk             |     2 |     2 ||     4
